 Dungeon Sprint DCSS version 0.30.1-9-gdf580d7c3d (webtiles) character file.

Game seed: 4693439303032919076

45 Heoruswealwe the Poker (level 3, -2/36 HPs)
             Began as a Minotaur Fighter on Oct 3, 2023.
             Succumbed to a water moccasin's poison
             ... in the Dungeon (Sprint IX: "|||||||||||||||||||||||||||||").
             The game lasted 00:01:12 (38 turns).

Heoruswealwe the Poker (Minotaur Fighter)             Turns: 38, Time: 00:01:13

Health: -2/36      AC:  7    Str: 22    XL:     3   Next: 42%
Magic:  2/2        EV:  9    Int:  5    God:
Gold:   0          SH:  4    Dex:  9    Spells: 2/2 levels left

rFire   . . .        a - +0 trident
rCold   . . .        d - +0 buckler
rNeg    . . .        c - +0 scale mail
rPois   .            (helmet restricted)
rElec   .            (no cloak)
rCorr   .            (no gloves)
SInv    .            (no boots)
Will    .....        (no amulet) Stlth
                     (no ring)
HPRegen 0.26/turn    (no ring)
MPRegen 0.08/turn

%: no teleportation
@: lethally poisoned (-2 -> -40)
A: horns 2, retaliatory headbutt
a: no special abilities


You were in the Dungeon.
You visited 1 branch

Inventory:

Hand Weapons
 a - a +0 trident (weapon)
Armour
 c - a +0 scale mail (worn)
 d - a +0 buckler (worn)
Scrolls
 j - a scroll of blinking
Potions
 b - a potion of might
 g - a potion of haste
 i - a potion of berserk rage


   Skills:
 + Level 5.4 Fighting
 * Level 6.2 Polearms
 + Level 5.4 Armour
 - Level 3.6 Shields


You had 2 spell levels left.
You didn't know any spells.
Your spell library was empty.

Dungeon Overview and Level Annotations

Branches:
Dungeon (1/1)

Altars:


Innate Abilities, Weirdness & Mutations

You have a pair of horns on your head.
You reflexively headbutt those who attack you in melee.


Message History

You are poisoned.
The water moccasin poisons you!
You miss the water moccasin.
The water moccasin is moderately wounded.
You feel very sick. The water moccasin barely misses you.
The water moccasin bites you!
You feel much better.
You feel very sick. The water moccasin bites you.
The hound pauses to sniff the ground.
You closely miss the water moccasin.
The water moccasin is moderately wounded.
You feel sick. You block the water moccasin's attack.
The water moccasin bites you.
You are lethally poisoned!
The water moccasin poisons you!
You hit the water moccasin but do no damage.
The water moccasin is moderately wounded.
You feel very sick. The water moccasin closely misses you.
You furiously retaliate!
You headbutt the water moccasin. You hit the water moccasin.
The water moccasin is moderately wounded.
You feel very sick. The water moccasin bites you.
You are more poisoned.
The water moccasin poisons you!
You hit the water moccasin.
Your headbutt misses the water moccasin.
The water moccasin is heavily wounded.
* * * LOW HITPOINT WARNING * * *
You feel very sick. The water moccasin barely misses you.
You furiously retaliate!
You headbutt the water moccasin! The water moccasin bites you.
* * * LOW HITPOINT WARNING * * *
You are more poisoned.
The water moccasin poisons you!
You hit the water moccasin.
You kill the water moccasin!
You die... ▓▓▓▓▓▓▓▓▓▓▓▓▓▓▓▓▓▓ ▓<.!.†....@†rWh..+ ▓▓▓▓▓▓▓▓▓▓▓▓▓▓▓▓▓▓

You could see a phantom, a hound and a quokka.

Vanquished Creatures
  A water moccasin (D)
  A howler monkey (D)
  A ball python (D)
  A hobgoblin (D)
  2 jackals (D)
  A quokka (D)
7 creatures vanquished.

Notes
Turn   | Place    | Note
-------+----------+-------------------------------------------
     0 | D        | Heoruswealwe the Minotaur Fighter began the quest for the
                  | Orb.
     0 | D        | Reached XP level 1. HP: 19/19 MP: 0/0
     7 | D        | Reached skill level 3 in Polearms
    15 | D        | Reached skill level 4 in Polearms
    21 | D        | Noticed a howler monkey
    21 | D        | Noticed a water moccasin
    21 | D        | Noticed a phantom
    21 | D        | Noticed a hound
    27 | D        | Killed a howler monkey
    28 | D        | Reached skill level 5 in Fighting
    28 | D        | Reached skill level 6 in Polearms
    28 | D        | Reached skill level 5 in Armour
    28 | D        | Reached XP level 2. HP: 27/29 MP: 1/1
    28 | D        | Reached XP level 3. HP: 34/36 MP: 2/2
    38 | D        | Killed a water moccasin
    38 | D        | Succumbed to a water moccasin's poison

Illustrated notes

Levels and vault maps discovered:
D:        linesprint [early_d, line_temple, items_1, d_10, items_2, lair_1,
          lair_end, items_3, orc_1, orc_end, items_4, d_15, swamp_1, shoals_1,
          snake_1, spider_1, d_20, vaults_1, items_5, swamp_end, shoals_end,
          snake_end, spider_end, vaults_end, d_27, items_6, zot_1, zot_end,
          crypt_end, forest_end, elf_end, slime_end, tomb_end, abyss_end,
          pan_hell_end]

Skill      XL: |  1 |
---------------+----+-----
Polearms       | 6 |  6.2
Fighting       | 5 |  5.4
Armour         | 5 |  5.4
Shields        | |  3.6

Action                     || total
---------------------------++-------
  Melee: Trident           ||    25
         Headbutt          ||     3
    Use: Potion            ||     2
 Armour: Scale mail        ||     9
  Dodge: Dodged            ||     9
  Block: Buckler           ||     5
